 Dungeon Crawl Stone Soup version 0.28.0-43-g3370ac3207 (webtiles) character file.

Game seed: 12765908803564376651

49 Woods the Firebug (level 3, -5/19 HPs)
             Began as a Deep Elf Fire Elementalist on Mar 2, 2022.
             Slain by an orc
             ... wielding a +0 hand axe
              (6 damage)
             ... on level 3 of the Dungeon.
             The game lasted 00:02:42 (2704 turns).

Woods the Firebug (Deep Elf Fire Elementalist)      Turns: 2704, Time: 00:02:43

Health: -5/19      AC:  2    Str:  5    XL:     3   Next: 53%
Magic:  4/10       EV: 12    Int: 21    God:
Gold:   92         SH:  0    Dex: 15    Spells: 0/9 levels left

rFire   . . .      SeeInvis .   (no weapon)
rCold   . . .      Faith    .   (no shield)
rNeg    . . .      Spirit   .   a - +0 robe
rPois   .          Reflect  .   (no helmet)
rElec   .          Harm     .   (no cloak)
rCorr   .          Rampage  .   (no gloves)
Will    .....                   (no boots)
Stlth   ++........              (no amulet)
HPRegen 0.06/turn               (no ring)
MPRegen 0.12/turn               (no ring)

@: no status effects
A: no striking features
a: no special abilities


You were on level 3 of the Dungeon.
You visited 1 branch of the dungeon, and saw 3 of its levels.

You collected 92 gold pieces.

Inventory:

Armour
 a - a +0 robe (worn)
 f - a +0 cloak
Jewellery
 c - a ring of resist corrosion
 g - a +6 ring of dexterity
Scrolls
 b - a scroll of noise {unknown}
 d - 3 scrolls of identify {unknown}
Potions
 e - a potion of invisibility {unknown}
 h - a potion of attraction {unknown}


   Skills:
 - Level 2.4 Dodging
 - Level 2.4 Stealth
 + Level 3.9 Spellcasting
 + Level 2.3 Conjurations
 + Level 4.0 Fire Magic


You couldn't memorise any spells.
You knew the following spells:

 Your Spells              Type           Power      Damage    Failure   Level
a - Foxfire               Conj/Fire      68%        2x1d7     3%          1
b - Scorch                Fire           40%        2d7       3%          2
c - Conjure Flame         Conj/Fire      17%        6-21      10%         3
d - Inner Flame           Hex/Fire       12%        N/A       16%         3

Your spell library contained the following spells:

 Spells                   Type           Power      Damage    Failure   Level
 Flame Wave               Conj/Fire      17%        2d6       32%         4


Dungeon Overview and Level Annotations

Branches:
Dungeon (3/15)

Altars:

Shops:
D:2 [


Message History

A goblin comes into view. It is wielding a +0 club.
Casting: Scorch (safe; 3% risk of failure)
Confirm with . or Enter, or press ? or * to list all spells.
Flames lash the goblin.
You kill the goblin!
The orc wizard gestures at you while chanting.
You are confused.
Your Fire Magic skill increases to level 4!
You're too confused to cast spells.
An orc comes into view. It is wielding a +0 short sword.
The orc shouts!
The orc wizard closely misses you.
You're too confused to cast spells.
The orc wizard hits you with a +0 dagger.
You're too confused to cast spells.
You're too confused to move!
The orc wizard closely misses you.
The orc wizard is no longer more vulnerable to fire.
The orc hits you with a +0 short sword.
The orc priest miscasts a cantrip.
An orc comes into view. It is wielding a +0 mace.
An orc wizard comes into view. It is wielding a +0 dagger.
The orc wizard shouts!
The orc wizard hits you with a +0 dagger.
An orc wizard comes into view. It is wielding a +0 dagger.
Your magical contamination has completely faded away.
You bump into the rock wall.
The orc wizard misses you.
The orc wizard mumbles some strange words.
The orc wizard flickers and vanishes!
Deactivating autopickup; reactivate with Ctrl-A.
An orc comes into view. It is wielding a +0 trident.
You feel less confused.
The orc shouts!
The orc wizard casts a spell at you. You resist with some effort.
The orc barely misses you.
The orc moves out of view.
The orc wizard gestures at you while chanting.
The puff of flame hits you.
* * * LOW HITPOINT WARNING * * *
The orc hits you with a +0 hand axe.
You die...

.. o. #. [# #
#..##### .#.#
#......##.#.#
#..#...{oo.
...##.#.o##)#
#......oo...#
#..##.#oo####
......#@.#
#.......#
######.## #<#
#)# ##.##
#####...#####
#............
#.###...###..


You could see an orc priest, 2 orc wizards and 3 orcs.

Vanquished Creatures
  An adder (D:2)
  A worm (D:2)
  3 dart slugs (D:1)
  An orc (D:2)
  2 bats
  5 endoplasms
  4 goblins
  2 hobgoblins (D:2)
  2 ball pythons (D:2)
  3 frilled lizards
  3 kobolds
  3 rats
30 creatures vanquished.

Vanquished Creatures (collateral kills)
  2 foxfires
2 creatures vanquished.

Vanquished Creatures (others)
  64 foxfires
  11 plants (D:2)
75 creatures vanquished.

Grand Total: 107 creatures vanquished

Notes
Turn   | Place    | Note
-------+----------+-------------------------------------------
     0 | D:1      | Woods the Deep Elf Fire Elementalist began the quest for
                  | the Orb.
     0 | D:1      | Reached XP level 1. HP: 10/10 MP: 6/6
   360 | D:1      | Reached XP level 2. HP: 5/15 MP: 2/8
   685 | D:1      | Found a faded altar of an unknown god.
   885 | D:1      | Learned a level 2 spell: Scorch
  1476 | D:2      | Reached XP level 3. HP: 19/19 MP: 2/10
  1540 | D:2      | Learned a level 3 spell: Conjure Flame
  1544 | D:2      | Learned a level 3 spell: Inner Flame
  1583 | D:2      | Found Unnijaq's Antique Armour Boutique.
  1779 | D:2      | You fall into a shaft and drop 1 floor!
  2697 | D:3      | Reached skill level 4 in Fire Magic
  2704 | D:3      | Slain by an orc

Illustrated notes

Levels and vault maps discovered:
D:1:      onia_arrival_mini_maze_b, layout_loops_corners,
          chequers_ecumenical_altar_simple, serial_bayou_crossing
D:2:      layout_loops_ring, serial_forest, infiniplex_forest_clump_C,
          infiniplex_forest_straight_2, infiniplex_forest_end_2,
          infiniplex_forest_corner_2, infiniplex_forest_lined_corner,
          infiniplex_forest_clump_curved, infiniplex_forest_3_way, serial_shops,
          nicolae_shop_behind_doors
D:3:      layout_loops_ring, hellmonk_ghost_happy_afterlife, uniq_robin

Skill      XL: |  1  2  3 |
---------------+----------+-----
Conjurations   | 2 |  2.3
Fire Magic     | 4 |  4.0
Dodging        | |  2.4
Stealth        | |  2.4
Spellcasting   | |  3.9

Action                   || total
-------------------------++-------
Melee: Unarmed           ||     4
 Cast: Foxfire           ||    46
       Scorch            ||    19
       Conjure Flame     ||     1
Dodge: Dodged            ||    17
